 Dungeon Crawl Stone Soup version 0.28.0-45-g0d030f2227 (webtiles) character file.

Game seed: 535771020502111243

1607 brightshaft the Fighter (level 8, -4/71 HPs)
             Began as a Gnoll Wanderer on Apr 16, 2022.
             Was an Initiate of Gozag.
             Slain by a hornet (11 damage)
             ... on level 7 of the Dungeon.
             The game lasted 00:11:07 (6787 turns).

brightshaft the Fighter (Gnoll Wanderer)            Turns: 6787, Time: 00:11:08

Health: -4/71      AC: 12    Str: 15    XL:     8   Next: 95%
Magic:  13/13      EV:  8    Int: 13    God:    Gozag
Gold:   58         SH:  0    Dex: 15    Spells: 14/14 levels left

rFire   + + +      SeeInvis .   v - +6 flail "Gyskymus" {speed, Contam rF+++ Str+2 Int+4}
rCold   . . .      Faith    .   (no shield)
rNeg    . . .      Spirit   .   r - +0 chain mail
rPois   .          Reflect  .   (no helmet)
rElec   .          Harm     .   w - +0 cloak
rCorr   .          Rampage  .   q - +0 pair of gloves
Will    .....                   (no boots)
Stlth   ..........              (no amulet)
HPRegen 0.21/turn               (no ring)
MPRegen 0.13/turn               (no ring)

@: lethally poisoned (-4 -> -6), slowed, very slow
A: fangs 1, strong nose, distributed training
a: Renounce Religion, Potion Petition, Call Merchant, Bribe Branch


You were on level 7 of the Dungeon.
You worshipped Gozag.
Gozag was noncommittal.
You visited 1 branch of the dungeon, and saw 7 of its levels.

You collected 346 gold pieces.
You spent 180 gold pieces at shops.
You paid 108 gold pieces to Gozag.

Inventory:

Hand Weapons
 a - a +3 quarterstaff
 v - the +6 flail "Gyskymus" (weapon) {speed, Contam rF+++ Str+2 Int+4}
   (You found it on level 5 of the Dungeon)

   Attacks with this weapon are significantly faster.
   Str:       It affects your strength (+2).
   Int:       It affects your intelligence (+4).
   rF:        It renders you almost immune to fire.
   Contam:    It causes magical contamination when unequipped.
Armour
 b - a +0 scale mail
 q - a +0 pair of gloves (worn)
 r - a +0 chain mail (worn)
 w - a +0 cloak (worn)
Magical Staves
 j - a staff of earth
Jewellery
 k - a ring of protection from fire
 t - a +4 ring of evasion
 u - a ring of protection from cold
Wands
 o - a wand of charming (8)
Scrolls
 c - a scroll of amnesia
 d - a scroll of fog {unknown}
 e - 9 scrolls of identify {unknown}
 l - a scroll of vulnerability {unknown}
 m - a scroll of teleportation {unknown}
 n - 2 scrolls of enchant armour
 s - a scroll of fear {unknown}
 x - 2 scrolls of enchant weapon
 y - 2 scrolls of noise {unknown}
 A - a scroll of blinking {unknown}
Potions
 f - 3 potions of curing {unknown}
 g - 3 potions of heal wounds {unknown}
 h - a potion of brilliance {unknown}
 i - 2 potions of mutation {unknown}
 p - 2 potions of attraction {unknown}
 z - a potion of resistance {unknown}


   Skills:
 + Level 9.3 Fighting
 + Level 3.7 Short Blades
 + Level 3.7 Long Blades
 + Level 3.7 Axes
 + Level 3.7 Maces & Flails
 + Level 3.7 Polearms
 + Level 7.6 Staves
 + Level 3.7 Slings
 + Level 3.7 Bows
 + Level 3.7 Crossbows
 + Level 3.7 Throwing
 + Level 4.5 Armour
 + Level 6.0 Dodging
 + Level 3.7 Stealth
 + Level 3.7 Shields
 + Level 3.7 Unarmed Combat
 + Level 3.7 Spellcasting
 + Level 3.0 Conjurations
 + Level 3.0 Hexes
 + Level 3.0 Summonings
 + Level 3.0 Necromancy
 + Level 3.0 Translocations
 + Level 3.0 Transmutations
 + Level 3.0 Fire Magic
 + Level 3.0 Ice Magic
 + Level 3.0 Air Magic
 + Level 3.0 Earth Magic
 + Level 3.0 Poison Magic
 + Level 4.1 Invocations
 + Level 3.7 Evocations


You had 14 spell levels left.
You didn't know any spells.
Your spell library contained the following spells:

 Spells                   Type           Power      Damage    Failure   Level
 Freeze                   Ice            40%        1d6       73%         1
 Summon Small Mammal      Summ           40%        N/A       73%         1
 Call Canine Familiar     Summ           10%        N/A       97%         3
 Frozen Ramparts          Ice            20%        1d4       97%         3
 Summon Guardian Golem    Hex/Summ       10%        N/A       97%         3
 Hailstorm                Conj/Ice       10%        3d5       100%        4


Dungeon Overview and Level Annotations

Branches:
Dungeon (7/15)             Temple (0/1) D:7

Altars:
Elyvilon
Gozag
Hepliaklqana
Makhleb
Nemelex Xobeh
Qazlal

Shops:
D:6 ?


Innate Abilities, Weirdness & Mutations

You have very sharp teeth.
Your uncanny sense of smell can sniff out nearby items.
Your experience applies equally to all skills.


Message History

You are more poisoned.
You feel yourself slow down. The hornet barely misses you.
You hit the hornet.
The hornet is lightly wounded.
You feel very sick. The hornet stings you.
You suddenly lose the ability to move!
You feel very sick. The hornet completely misses you. The hornet stings you.
You feel as though you will be slow longer.
You feel very sick.
The hornet stings you but does no damage.
You can move again.
You barely miss the hornet.
The hornet is lightly wounded.
You feel very sick.
The hornet stings you but does no damage.
The hornet closely misses you.
You sock the hornet!
The hornet is heavily wounded.
You feel sick. The hornet barely misses you. The hornet stings you.
You feel as though you will be slow longer.
You sock the hornet!
The hornet is severely wounded.
You feel sick. The hornet stings you.
You feel as though you will be slow longer.
The hornet closely misses you.
You barely miss the hornet.
The hornet is severely wounded.
You feel sick. The hornet stings you!
* * * LOW HITPOINT WARNING * * *
You feel as though you will be slow longer.
The hornet stings you!
* * * LOW HITPOINT WARNING * * *
You suddenly lose the ability to move!
You can move again.
You closely miss the hornet. Your bite misses the hornet.
The hornet is severely wounded.
You feel sick. The hornet stings you!
You die...
Your body crumbles into a pile of gold.

..# .. ...# ...
.<..# #.. ...... #.#
.......... #.#
.....)..... #.#
#......(.... #.#
#...........# #y###
#............# #@..#
#.............##...#
#.......## #.....###
.........######.##
##........#####.#
###.........##.##
##..##........#####
##.####..........#
#..# ##...#...###


You could see a hornet.

Vanquished Creatures
  A steam dragon (D:7)
  Menkaure (D:4)
  2 ice beasts
  A centaur (D:5)
  A sky beast (D:5)
  3 necrophages
  2 ogres
  A kobold brigand (D:6)
  Blork the orc (D:3)
  A scorpion (D:6)
  A bullfrog zombie (D:6)
  A jelly (D:4)
  2 orc priests
  2 hounds (D:6)
  An iguana (D:5)
  A killer bee zombie (D:7)
  A hound skeleton (D:4)
  A gnoll (D:1)
  5 adders
  2 worms
  2 dart slugs
  14 orcs
  5 bats
  6 endoplasms
  3 giant cockroaches
  12 goblins
  5 hobgoblins
  2 jackals (D:1)
  15 kobolds
  4 quokkas
  6 ball pythons
  9 rats
114 creatures vanquished.

Notes
Turn   | Place    | Note
-------+----------+-------------------------------------------
     0 | D:1      | brightshaft the Gnoll Wanderer began the quest for the Orb.
     0 | D:1      | brightshaft set off with the following items: a +3
                  | quarterstaff, a +0 scale mail
     0 | D:1      | Reached XP level 1. HP: 26/26 MP: 1/1
    38 | D:1      | Reached XP level 2. HP: 31/33 MP: 2/2
   207 | D:1      | Reached XP level 3. HP: 38/38 MP: 3/3
   471 | D:1      | Reached skill level 1 in Invocations
  1251 | D:2      | Found a faded altar of an unknown god.
  1584 | D:2      | Reached skill level 1 in Short Blades
  1584 | D:2      | Reached skill level 1 in Long Blades
  1584 | D:2      | Reached skill level 1 in Axes
  1584 | D:2      | Reached skill level 1 in Maces & Flails
  1584 | D:2      | Reached skill level 1 in Polearms
  1584 | D:2      | Reached skill level 1 in Slings
  1584 | D:2      | Reached skill level 1 in Bows
  1584 | D:2      | Reached skill level 1 in Crossbows
  1584 | D:2      | Reached skill level 1 in Throwing
  1584 | D:2      | Reached skill level 1 in Stealth
  1584 | D:2      | Reached skill level 1 in Shields
  1584 | D:2      | Reached skill level 1 in Unarmed Combat
  1584 | D:2      | Reached skill level 1 in Spellcasting
  1584 | D:2      | Reached skill level 1 in Evocations
  1856 | D:2      | Reached XP level 4. HP: 45/45 MP: 5/5
  2342 | D:3      | Reached skill level 1 in Conjurations
  2342 | D:3      | Reached skill level 1 in Hexes
  2342 | D:3      | Reached skill level 1 in Summonings
  2342 | D:3      | Reached skill level 1 in Necromancy
  2342 | D:3      | Reached skill level 1 in Translocations
  2342 | D:3      | Reached skill level 1 in Transmutations
  2342 | D:3      | Reached skill level 1 in Fire Magic
  2342 | D:3      | Reached skill level 1 in Ice Magic
  2342 | D:3      | Reached skill level 1 in Air Magic
  2342 | D:3      | Reached skill level 1 in Earth Magic
  2342 | D:3      | Reached skill level 1 in Poison Magic
  2368 | D:3      | Found a white marble altar of Elyvilon.
  2599 | D:4      | Found a hazy altar of Hepliaklqana.
  2724 | D:4      | Noticed Menkaure
  2750 | D:4      | Reached XP level 5. HP: 31/51 MP: 6/6
  2871 | D:4      | Killed Menkaure
  2872 | D:4      | Reached XP level 6. HP: 54/57 MP: 6/8
  3057 | D:4      | Noticed Blork the orc
  3342 | D:3      | Killed Blork the orc
  3343 | D:3      | Reached skill level 5 in Dodging
  3942 | D:4      | Found a sparkling altar of Nemelex Xobeh.
  4030 | D:5      | Entered Level 5 of the Dungeon
  4067 | D:5      | Noticed a sky beast
  4079 | D:5      | Killed a sky beast
  4080 | D:5      | Reached XP level 7. HP: 57/63 MP: 10/10
  4227 | D:5      | Reached skill level 9 in Fighting
  4447 | D:5      | Identified the +6 flail "Gyskymus" {speed, Contam rF+++
                  | Str+2 Int+4}
  4456 | D:5      | Reached XP level 8. HP: 12/71 MP: 10/12
  5140 | D:6      | Found Etoits's Magic Scroll Shop.
  5147 | D:6      | Bought a scroll of enchant weapon for 90 gold pieces
  5147 | D:6      | Bought a scroll of enchant armour for 90 gold pieces
  5609 | D:6      | Found a burning altar of Makhleb.
  6129 | D:6      | Found a stormy altar of Qazlal.
  6565 | D:7      | Found an opulent altar of Gozag.
  6582 | D:7      | Became a worshipper of Gozag Ym Sagoz the Greedy
  6613 | D:7      | Found a staircase to the Ecumenical Temple.
  6776 | D:7      | Noticed a hornet
  6780 | D:7      | Paralysed by a hornet for 3 turns
  6786 | D:7      | Paralysed by a hornet for 1 turns
  6787 | D:7      | Slain by a hornet

Illustrated notes

Levels and vault maps discovered:
D:1:      erik_arrival_orb_chamber, layout_basic
D:2:      layout_loops_cross, nicolae_ecumenical_oubliette,
          small_statue_intersection
D:3:      cheibrodos_greedy_goblins, layout_basic, elyvilon_altar_3
D:4:      layout_loops_ring, mainiacjoe_overflow_alcove_2,
          worldfamousw_hep_ancestral_shrine, uniq_blork_the_orc, uniq_menkaure
D:5:      layout_loops_ring
D:6:      layout_basic, bloody_makhleb, mainiacjoe_overflow_paths, serial_shops,
          shop_scrolls
D:7:      layout_layer_cave, kennysheep_little_box, nicolae_gozag_seed_capital,
          minmay_temple_entry_junction

Skill      XL: |  1  2  3  4  5  6  7  8 |
---------------+-------------------------+-----
Invocations    | 1 2 3 4 |  4.1
Short Blades   | 1 2 3 |  3.7
Long Blades    | 1 2 3 |  3.7
Axes           | 1 2 3 |  3.7
Maces & Flails | 1 2 3 |  3.7
Polearms       | 1 2 3 |  3.7
Slings         | 1 2 3 |  3.7
Bows           | 1 2 3 |  3.7
Crossbows      | 1 2 3 |  3.7
Throwing       | 1 2 3 |  3.7
Stealth        | 1 2 3 |  3.7
Shields        | 1 2 3 |  3.7
Unarmed Combat | 1 2 3 |  3.7
Spellcasting   | 1 2 3 |  3.7
Evocations     | 1 2 3 |  3.7
Conjurations   | 1 2 3 |  3.0
Hexes          | 1 2 3 |  3.0
Summonings     | 1 2 3 |  3.0
Necromancy     | 1 2 3 |  3.0
Translocations | 1 2 3 |  3.0
Transmutations | 1 2 3 |  3.0
Fire Magic     | 1 2 3 |  3.0
Ice Magic      | 1 2 3 |  3.0
Air Magic      | 1 2 3 |  3.0
Earth Magic    | 1 2 3 |  3.0
Poison Magic   | 1 2 3 |  3.0
Armour         | 3 4 |  4.5
Dodging        | 5 6 |  6.0
Staves         | 7 |  7.6
Fighting       | 9 |  9.3

Action                   |  1- 3 |  4- 6 |  7- 9 || total
-------------------------+-------+-------+-------++-------
Melee: Quarterstaff      |   102 |   120 |    30 ||   252
       Bite              |     7 |    12 |    14 ||    33
       Flail             |       |       |    96 ||    96
       Punch             |       |       |     1 ||     1
Evoke: Wand              |       |     1 |       ||     1
  Use: Scroll            |       |       |     1 ||     1
Armor: Scale mail        |    40 |    28 |       ||    68
       Chain mail        |       |    16 |    63 ||    79
Dodge: Dodged            |    68 |    36 |    42 ||   146
